 Dungeon Crawl Stone Soup version 0.30.1-11-g7821555f0a (webtiles) character file.

Game seed: 6335744981676732223

15 monsoonserge the Gusty (level 2, 0/15 HPs)
             Began as a Tengu Air Elementalist on Dec 31, 2023.
             Killed from afar by Sigmund (8 damage)
             ... with a puff of flame
             ... on level 2 of the Dungeon.
             The game lasted 00:03:38 (714 turns).

monsoonserge the Gusty (Tengu Air Elementalist)      Turns: 714, Time: 00:03:38

Health: 0/15       AC:  3    Str:  8    XL:     2   Next: 50%
Magic:  5/6        EV: 12    Int: 15    God:
Gold:   115        SH:  0    Dex: 14    Spells: 4/5 levels left

rFire   . . .        a - +0 short sword
rCold   + . .        (no shield)
rNeg    . . .        g - +0 leather armour {rC+}
rPois   .            (helmet restricted)
rElec   .            (no cloak)
rCorr   .            (no gloves)
SInv    .            (boots unavailable)
Will    .....        (no amulet)
Stlth   +            (no ring)
HPRegen 0.22/turn    (no ring)
MPRegen 0.10/turn

%: no passive effects
@: confused
A: beak, talons 3
a: no special abilities


You were on level 2 of the Dungeon.
You visited 1 branch of the dungeon, and saw 2 of its levels.

You collected 115 gold pieces.

Inventory:

Hand Weapons
 a - a +0 short sword (weapon)
Armour
 g - a +0 leather armour of cold resistance (worn)
Scrolls
 c - a scroll of noise {unknown}
 d - a scroll of immolation {unknown}
 e - a scroll of blinking {unknown}
 f - 2 scrolls of identify {unknown}
 h - a scroll of poison {unknown}
 i - a scroll of enchant armour {unknown}
Potions
 b - a potion of magic


   Skills:
 * Level 0.5 Armour
 + Level 2.4 Dodging
 + Level 2.0 Stealth
 - Level 2.0 Spellcasting
 + Level 1.3 Conjurations
 + Level 4.7 Air Magic


You had 4 spell levels left.
You knew the following spells:

 Your Spells              Type           Power      Damage    Failure   Level
a - Shock                 Conj/Air       40%        1d5       9%          1

Your spell library contained the following spells:

 Spells                   Type           Power      Damage    Failure   Level
 Static Discharge         Conj/Air       20%        2-3/arc   14%         2
 Swiftness                Air            15%        N/A       14%         3
 Airstrike                Air            7%         2d(2-18)  41%         4


Dungeon Overview and Level Annotations

Branches:
Dungeon (2/15)

Altars:

Annotations:
D:2 Sigmund


Innate Abilities, Weirdness & Mutations

You have a beak for a mouth.
You have claws for feet.


Message History

Unknown command.
Found a stone staircase leading down.
Found a short lead wand.
Sigmund, a quokka and a frilled lizard come into view.
Sigmund is wielding a +0 scythe and wearing a +2 robe of cold resistance.
Found 6 stones.
The frilled lizard hisses angrily.
Sigmund gestures at you while chanting. The magic dart hits you!
Ouch! That really hurt!
The frilled lizard attacks as you move away!
The frilled lizard completely misses you.
Casting: Shock (safe; 9% risk of failure)
Confirm with . or Enter, or press ? or * to list all spells.
Aiming: Shock (safe; 9% risk of failure)
Press: ? - help, Shift-Dir - straight line, f - frilled lizard
Aim: a frilled lizard (48% to hit)
The zap hits the frilled lizard.
You kill the frilled lizard!
The zap hits Sigmund.
Sigmund is lightly wounded.
Sigmund flickers, as though insubstantial.
Press: ? - help, v - describe, . - travel
Here: Sigmund, wielding a +0 scythe and wearing a +2 robe of cold resistance (lightly wounded)
The floor.
Unknown command.
Casting: Shock (safe; 9% risk of failure)
Confirm with . or Enter, or press ? or * to list all spells.
Aiming: Shock (safe; 9% risk of failure)
Press: ? - help, Shift-Dir - straight line, f - Sigmund
Aim: Sigmund, wielding a +0 scythe and wearing a +2 robe of cold resistance (lightly wounded, 64% to hit)
Okay, then.
Sigmund casts a spell at you.
You are confused.
Okay, then.
You bump into the rock wall.
Sigmund casts a spell at you. The puff of flame hits you!
Ouch! That really hurt!
You die...

#...............#..##
#...............#..#
#...............#..#
#...................#
#...............###.#
#..............## .#
##.....#......## .#
####.##........ .#
#.@########### #.##
##†# #..#
...........#
####r...@.(....
##...†......
#.>........
##...../...


You could see Sigmund.

Vanquished Creatures
  3 endoplasms
  2 goblins
  A quokka (D:1)
  2 ball pythons
  A bat (D:2)
  2 frilled lizards
  3 kobolds (D:1)
14 creatures vanquished.

Notes
Turn   | Place    | Note
-------+----------+-------------------------------------------
     0 | D:1      | monsoonserge the Tengu Air Elementalist began the quest for
                  | the Orb.
     0 | D:1      | Reached XP level 1. HP: 10/10 MP: 4/4
   256 | D:1      | Reached XP level 2. HP: 15/15 MP: 1/6
   708 | D:2      | Noticed Sigmund
   714 | D:2      | Killed from afar by Sigmund

Illustrated notes

Levels and vault maps discovered:
D:1:      nzn_arrival_water_spiral, layout_rooms
D:2:      layout_rooms, shapermc_ecumenical_altar_ellora, basic_altar,
          hangedman_decor_diamond_cutter, uniq_sigmund, uniq_crazy_yiuf_cottage

Action                     || total
---------------------------++-------
  Melee: Unarmed           ||     6
         Kick              ||     2
         Peck              ||     2
         Spear             ||     2
   Cast: Shock             ||    25
 Armour: Robe              ||     1
  Dodge: Dodged            ||     8
